 Dungeon Crawl Stone Soup version 0.31-a0-854-g362426d53f (webtiles) character file.

Game seed: 9756998228471154423

2205 pokeman the Thaumaturge (level 9, -5/49 HPs)
             Began as a Deep Elf Hedge Wizard on Oct 8, 2023.
             Slain by a kobold brigand
             ... wielding the +12 rapier of the Eternal Warrior {chaos, rPois Str+2 Int-3}
              (10 damage)
             ... on level 7 of the Dungeon.
             The game lasted 00:19:54 (8340 turns).

pokeman the Thaumaturge (Deep Elf Hedge Wizard)     Turns: 8340, Time: 00:19:55

Health: -5/49      AC:  4    Str:  7    XL:     9   Next: 12%
Magic:  12/25      EV: 13    Int: 24    God:
Gold:   389        SH:  0    Dex: 17    Spells: 13/29 levels left

rFire   . . .        I - +4 spear (pain)
rCold   . . .        (no shield)
rNeg    . . .        b - +0 robe
rPois   .            y - +1 hat
rElec   .            (no cloak)
rCorr   .            A - +0 pair of gloves
SInv    .            (no boots)
Will    .....        (no amulet)
Stlth   ++           s - ring of wizardry
HPRegen 0.28/turn    H - ring of the Ban {Fly Dex+3}
MPRegen 0.19/turn

%: wizardry (x1)
@: lethally poisoned (-5 -> -20), flying, slowed, studying Poison Magic, very
slow
A: no striking features
a: no special abilities


You were on level 7 of the Dungeon.
You visited 2 branches of the dungeon, and saw 8 of its levels.

You collected 389 gold pieces.

Inventory:

Hand Weapons
 I - a +4 spear of pain (weapon)
Missiles
 G - a throwing net
 J - a curare-tipped dart
Armour
 b - a +0 robe (worn)
 y - a +1 hat (worn)
 A - a +0 pair of gloves (worn)
Magical Staves
 w - a staff of earth
 B - a staff of fire
Jewellery
 c - a ring of fire
 s - a ring of wizardry (left hand)
 H - the ring of the Ban (right hand) {Fly Dex+3}
   (You took it off a gnoll on level 4 of the Dungeon)

   [ring of flight]

   Dex+3:     It affects your dexterity (+3).
   Fly:       It grants you flight.
 K - a ring of see invisible
Wands
 a - a wand of mindburst (11)
 q - a wand of acid (6)
 z - a wand of flame (23)
 F - a wand of iceblast (9)
Scrolls
 e - 8 scrolls of identify {unknown}
 f - 5 scrolls of teleportation {unknown}
 j - a scroll of noise {unknown}
 k - a scroll of vulnerability {unknown}
 n - 3 scrolls of blinking {unknown}
 o - a scroll of fear {unknown}
 u - a scroll of summoning {unknown}
 x - a scroll of revelation {unknown}
 C - a scroll of enchant armour {unknown}
 D - a scroll of silence {unknown}
 L - a scroll of immolation {unknown}
 M - a scroll of enchant weapon {unknown}
 N - a scroll of poison {unknown}
 O - 2 scrolls of fog {unknown}
Potions
 d - a potion of magic
 g - 6 potions of curing {unknown}
 h - a potion of resistance {unknown}
 i - 4 potions of heal wounds {unknown}
 l - a potion of invisibility {unknown}
 m - 2 potions of brilliance {unknown}
 p - a potion of lignification {unknown}
 r - 4 potions of attraction {unknown}
 t - a potion of degeneration {unknown}
 v - a potion of haste {unknown}
 E - a potion of mutation {unknown}
 P - a potion of enlightenment {unknown}


   Skills:
 + Level 2.4 Fighting
 - Level 3.0 Armour
 - Level 3.0 Dodging
 - Level 3.0 Stealth
 * Level 10.5 Spellcasting
 + Level 5.7 Conjurations
 - Level 1.1 Summonings
 - Level 4.0 Necromancy
 - Level 1.1 Translocations
 - Level 1.3 Transmutations
 + Level 3.2 Fire Magic
 - Level 1.1 Ice Magic
 - Level 1.0 Air Magic
 - Level 1.0 Earth Magic
 - Level 1.0 Poison Magic
 - Level 1.1 Evocations


You had 13 spell levels left.
You knew the following spells:

 Your Spells              Type           Power      Damage    Failure   Level
a - Magic Dart            Conj           100%       1d8       1%          1
b - Mephitic Cloud        Conj/Pois/Air  25%        N/A       2%          3
c - Call Imp              Summ           36%        N/A       1%          2
d - Blink                 Tloc           36%        N/A       1%          2
e - Ignite Poison         Fire/Tmut/Pois 21%        N/A       2%          3
f - Freezing Cloud        Conj/Ice/Air   12%        6-21      19%         5

Your spell library contained the following spells:

 Spells                   Type           Power      Damage    Failure   Level
 Slow                     Hex            48%        N/A       1%          1
 Cigotuvi's Dreadful Rot  Necr/Pois/Air  44%        N/A       1%          2
 Lesser Beckoning         Tloc           36%        N/A       1%          2
 Momentum Strike          Conj/Tloc      58%        3d9       1%          2
 Call Canine Familiar     Summ           18%        N/A       4%          3
 Gell's Gravitas          Tloc           18%        N/A       4%          3
 Teleport Other           Tloc           18%        N/A       4%          3
 Sigil of Binding         Hex            12%        N/A       6%          3
 Dimensional Bullseye     Hex/Tloc       7%         N/A       16%         4
 Leda's Liquefaction      Hex/Erth       7%         N/A       16%         4
 Conjure Ball Lightning   Conj/Air       14%        3x3d6     56%         6
 Dispersal                Tloc           9%         N/A       86%         6
 Discord                  Hex            6%         N/A       100%        8
 Disjunction              Tloc           9%         N/A       100%        8


Dungeon Overview and Level Annotations

Branches:
Dungeon (7/15)             Temple (1/1) D:4

Altars:
Ashenzari
Cheibriados
Dithmenos
Elyvilon
Fedhas
Gozag
Hepliaklqana
Makhleb
Nemelex Xobeh
Qazlal
Ru
Sif Muna
Uskayaw
Wu Jian
Xom
Zin
The Shining One

Portals:
Abyss: D:5


Message History

The ball explodes into a vile cloud!
The stinking cloud engulfs the kobold but does no damage.
The kobold is heavily wounded.
The stinking cloud engulfs the kobold brigand but does no damage.
The stinking cloud engulfs the kobold but does no damage.
You feel very sick.
The kobold is engulfed in noxious fumes.
The kobold appears confused.
The kobold hits the kobold with a +0 dagger of chaos.
The kobold is killed!
The kobold is engulfed in noxious fumes.
The kobold appears confused.
The kobold brigand hits you with the +12 rapier of the Eternal Warrior {chaos, rPois Str+2 Int-3}!!
You are lethally poisoned!
Unknown command.
Casting: Mephitic Cloud (dangerous; 2% risk of failure)
Confirm with . or Enter, or press ? or * to list all spells.
You can't see any susceptible monsters within range! (Use Z to cast anyway.) Unknown command.
Casting: Mephitic Cloud (dangerous; 2% risk of failure)
Confirm with . or Enter, or press ? or * to list all spells.
Aiming: Mephitic Cloud (dangerous; 2% risk of failure)
Press: ? - help, Shift-Dir - straight line, f - kobold brigand, p - kobold
Aim: a kobold brigand, wielding the +12 rapier of the Eternal Warrior {chaos, rPois Str+2 Int-3} and quivering curare-tipped darts (chance to affect: 77%)
The ball explodes into a vile cloud!
The stinking cloud engulfs the kobold brigand but does no damage.
The stinking cloud engulfs you but does no damage.
* * * LOW HITPOINT WARNING * * *
You feel extremely sick. The kobold brigand barely misses you.
Unknown command.
Unknown command.
Casting: Mephitic Cloud (dangerous; 2% risk of failure)
Confirm with . or Enter, or press ? or * to list all spells.
You ignite the poison in your surroundings!
* * * LOW HITPOINT WARNING * * *
You feel extremely sick.
The kobold brigand is engulfed in blazing flames.
The kobold brigand hits you with the +12 rapier of the Eternal Warrior {chaos, rPois Str+2 Int-3}!
You die...

....# #.....# #.# .##.#
#.....# ##.# ....#
#.....# #..# ....#
####.#### #.## ###.#
#.......# #.# ###.#
#..#.##.# #.#
....###.#..##.# #.#####
..#.##..##.##.####.K☼..#
#.#.#.#.........@K.##..#
#.#.##.#.#.##########''#
######## #.#......>..#
#..# #.......
#.######..#.# #...
##.##### #.# ##.).# .§.§.
#.# ..# #)..# .§§§..##)#
..# #).)# .§§....#.#
#.#### #...# .#§§#####.#
.....#
#.).########§####.><#####


You could see a kobold brigand and a kobold (confused).

Vanquished Creatures
  2 steam dragons
  The ghost of hgbash the Digger, an amateur GrEE (D:4)
  An ice beast (D:5)
  3 ogres (D:5)
  A centaur (D:5)
  A phantom (D:6)
  A small abomination (D:5)
  A kobold brigand (D:7)
  A bullfrog (D:7)
  2 scorpions
  2 howler monkeys
  5 orc priests
  A gnoll bouda (D:4)
  A jelly (D:6)
  3 hounds
  An iron imp (D:5)
  3 iguanas
  5 orc wizards
  14 gnolls
  11 adders
  5 white imps
  3 ufetubi
  2 worms
  The ghost of Kurtz the Sneak, a weakling NaDe (D:5)
  2 dart slugs (D:3)
  16 orcs
  6 ball pythons
  4 endoplasms
  5 giant cockroaches
  2 goblins (D:2)
  3 hobgoblins
  2 quokkas
  3 bats
  2 frilled lizards (D:1)
  17 kobolds
  5 rats
138 creatures vanquished.

Vanquished Creatures (collateral kills)
  A giant cockroach (D:4)
1 creature vanquished.

Grand Total: 139 creatures vanquished

Notes
Turn   | Place    | Note
-------+----------+-------------------------------------------
     0 | D:1      | pokeman the Deep Elf Hedge Wizard began the quest for the
                  | Orb.
     0 | D:1      | Reached XP level 1. HP: 10/10 MP: 7/7
   357 | D:1      | Reached XP level 2. HP: 16/16 MP: 5/9
  1352 | D:2      | Reached skill level 5 in Spellcasting
  1402 | D:2      | Found a sacrificial altar of Ru.
  1523 | D:2      | Reached XP level 3. HP: 15/20 MP: 1/11
  1527 | D:2      | Learned a level 3 spell: Mephitic Cloud
  1530 | D:2      | Learned a level 2 spell: Call Imp
  1533 | D:2      | Learned a level 2 spell: Blink
  2055 | D:3      | Found a faded altar of an unknown god.
  2113 | D:3      | Reached skill level 1 in Fighting
  2113 | D:3      | Reached skill level 1 in Armour
  2402 | D:3      | Reached XP level 4. HP: 7/25 MP: 5/13
  3449 | D:4      | Found a staircase to the Ecumenical Temple.
  3458 | Temple   | Entered the Ecumenical Temple
  3469 | D:4      | Reached skill level 6 in Spellcasting
  3469 | D:4      | Reached XP level 5. HP: 29/29 MP: 7/15
  3587 | D:4      | Reached skill level 1 in Poison Magic
  3629 | D:4      | Reached skill level 1 in Necromancy
  3637 | D:4      | Reached skill level 1 in Air Magic
  3915 | D:4      | Reached XP level 6. HP: 17/34 MP: 7/17
  4262 | D:4      | Found a transporter.
  4380 | D:4      | Found a transporter.
  4392 | D:4      | Noticed hgbash's ghost (amateur GrEE)
  4567 | D:5      | Entered Level 5 of the Dungeon
  4623 | D:5      | Found a one-way gate to the infinite horrors of the Abyss.
  4623 | D:5      | Noticed Kurtz's ghost (weakling NaDe)
  4636 | D:5      | Found a transporter.
  4640 | D:5      | Found a transporter.
  4679 | D:5      | Reached skill level 7 in Spellcasting
  4800 | D:5      | Noticed an ice beast
  4840 | D:5      | Reached XP level 7. HP: 39/39 MP: 13/20
  5189 | D:5      | Reached skill level 8 in Spellcasting
  5310 | D:5      | Reached skill level 1 in Evocations
  5859 | D:6      | Found a blossoming altar of Fedhas.
  5883 | D:6      | Reached XP level 8. HP: 44/44 MP: 18/22
  5930 | D:6      | Learned a level 3 spell: Ignite Poison
  6038 | D:6      | Reached skill level 9 in Spellcasting
  6131 | D:6      | Found a broken altar of Ashenzari.
  6195 | D:6      | Reached skill level 1 in Fire Magic
  6201 | D:6      | Learned a level 5 spell: Freezing Cloud
  6534 | D:6      | Reached skill level 1 in Transmutations
  6534 | D:6      | Reached skill level 1 in Ice Magic
  6665 | D:6      | Reached skill level 5 in Conjurations
  6897 | D:4      | Identified the ring of the Ban {Fly Dex+3}
  6901 | D:4      | Killed hgbash's ghost
  7138 | D:5      | Reached skill level 10 in Spellcasting
  7206 | D:5      | Killed Kurtz's ghost
  7408 | D:7      | Reached XP level 9. HP: 35/48 MP: 10/25
  7655 | D:7      | Reached skill level 1 in Earth Magic
  7778 | D:7      | Identified the +12 rapier of the Eternal Warrior {chaos,
                  | rPois Str+2 Int-3}
  8170 | D:7      | Found a large runed translucent door.
  8174 | D:7      | Found a large runed translucent door.
  8174 | D:7      | Found a shimmering altar of Xom.
  8276 | D:7      | Found an opulent altar of Gozag.
  8340 | D:7      | Slain by a kobold brigand

Illustrated notes

Levels and vault maps discovered:
D:1:      psy_arrival_conway, layout_basic
D:2:      layout_basic, basic_altar
D:3:      layout_basic, hellmonk_ecumenical_altar_heavens_door,
          dreamdust_princess_bridge, chequers_serial_rivers_room_b
D:4:      layout_basic, minmay_temple_entry_junction_2,
          gammafunk_ghost_gnarly_gnolls
D:5:      layout_gridville, gammafunk_ghost_abyssal_escape
D:6:      layout_basic, kennysheep_mini_moat, nicolae_overflow_crystal_walls,
          chequers_serial_rivers_room_b
D:7:      due_chaos_kobolds, layout_loops_cross, grunt_gozag_breadcrumbs
Temple:   nicolae_temple_ecumenical_triangle

Skill      XL: |  1  2  3  4  5  6  7  8  9 |
---------------+----------------------------+-----
Spellcasting   | 5 6 7 8 10 | 10.5
Fighting       | 1 2 |  2.4
Armour         | 1 3 |  3.0
Conjurations   | 2 3 4 5 |  5.7
Stealth        | 3 |  3.0
Dodging        | 3 |  3.0
Poison Magic   | 1 |  1.0
Necromancy     | 1 2 3 4 |  4.0
Air Magic      | 1 |  1.0
Evocations     | 1 |  1.1
Fire Magic     | 2 3 |  3.2
Transmutations | 1 |  1.3
Ice Magic      | 1 |  1.1
Earth Magic    | 1 |  1.0
Summonings     | |  1.1
Translocations | |  1.1

Action                     |  1- 3 |  4- 6 |  7- 9 || total
---------------------------+-------+-------+-------++-------
  Melee: Dagger            |    20 |       |       ||    20
         Whip              |     8 |    16 |       ||    24
         Spear             |       |       |    19 ||    19
   Fire: Shortbow          |       |    10 |    94 ||   104
   Cast: Magic Dart        |   120 |   105 |   112 ||   337
         Mephitic Cloud    |     1 |     8 |    37 ||    46
         Call Imp          |       |       |     2 ||     2
         Ignite Poison     |       |       |    13 ||    13
   Stab: Confused          |     2 |     1 |     3 ||     6
 Armour: Robe              |    23 |    27 |    60 ||   110
  Dodge: Dodged            |    26 |    41 |    70 ||   137

Table legend: (Time is in decaauts)
 A = Elapsed time spent in this place.
 B = Non-inter-level travel time spent in this place.
 C = Inter-level travel time spent in this place.
 D = Time resting spent in this place.
 E = Time spent auto-exploring this place.
 F = Levels seen in this place.
 G = Mean time per level.
                   A        B        C        D        E       F      G
               +--------+--------+--------+--------+--------+-----+--------+
         Total |   8397 |   7994 |    403 |    493 |   6340 |   8 | 1049.6 |
       Dungeon |   8395 |   7992 |    403 |    493 |   6340 |   7 | 1199.3 |
        Temple |      1 |      1 |      0 |      0 |      0 |   1 |    1.0 |
               +--------+--------+--------+--------+--------+-----+--------+

Top non-repeatable levels by time:
     D:3: 1678 daAuts
     D:5: 1422 daAuts
     D:4: 1403 daAuts
     D:6: 1164 daAuts
     D:7: 957 daAuts
     D:2: 937 daAuts
     D:1: 831 daAuts
  Temple: 1 daAuts
